amy, neutral female human Ranger ---- --- . --..---.--- -- .. |....|....-- -. -. |).......%.| |.. |..| ---........| .. ... |.)....--- .f G.. |......| .. -.. --.|..-- -.. |l.. ----..-->. --...) |..... --..... --.... |....... -----....- ..... ..|....... -....-.|.......| --.....)..--.--- |......)).---- |.....lgh.)--- --.....@--)..| ----.---|.*)| -- ----- amy the Trailblazer Experience level: 7 Strength: 16 Dexterity: 11 Constitution: 15 Intelligence: 14 Wisdom: 13 Charisma: 8 Health: 0(48) Energy: 38(38) Def: 9 Gold: 327 Moves: 3577 Dungeon seed: rxGgY96sDCmkJk-w Game ID: amy_1464833154 Your Inventory: Coins $ - 327 gold pieces Weapons a - an uncursed +1 dagger b - an uncursed +2 bow (weapon in hand) c - 48 uncursed +2 arrows (in quiver) j - a blessed +1 dagger k - 2 uncursed +0 daggers y - 22 uncursed +0 arrows S - a blessed +0 dagger W - a blessed +0 elven dagger named ok Armor e - an uncursed +2 cloak of displacement (being worn) n - an uncursed +0 helmet (being worn) q - a blessed +1 pair of elven boots (being worn) r - an uncursed +0 studded leather armor (being worn) Comestibles A - an uncursed tripe ration C - 2 uncursed food rations Scrolls i - an uncursed scroll of identify l - an uncursed scroll of genocide D - an uncursed scroll of gold detection E - a blessed scroll of enchant weapon U - an uncursed scroll of create monster V - an uncursed scroll of teleportation Potions f - an uncursed potion of invisibility h - an uncursed potion of paralysis p - an uncursed potion of gain energy v - an uncursed potion of booze w - an uncursed potion of enlightenment F - an uncursed potion of water J - an uncursed potion of gain level K - an uncursed potion of monster detection L - an uncursed potion of see invisible named object detection M - a cursed potion of enlightenment R - an uncursed potion of hallucination T - an uncursed potion of levitation X - an uncursed potion of fruit juice Rings B - an uncursed ring of warning P - a cursed ring of regeneration named cursed Wands g - an uncursed wand of slow monster (0:2) u - an uncursed wand of make invisible (0:5) I - an uncursed wand of cold (0:4) O - an uncursed wand of digging (0:2) Q - an uncursed wand of teleportation (0:8) Tools t - 2 uncursed tallow candles (0:200) x - a blessed tallow candle (0:200) Y - an uncursed towel Z - 7 uncursed wax candles (0:400) Spells and supernatural/magical abilities: Name Level Category Fail Memory W - pray for help -- divine ? -- Your skills at the end: Miscellaneous Skills wands [Basic] Weapon Skills dagger [Basic] bow [Skilled] Spellcasting Skills Final Attributes: You were devoutly aligned. You had automatic searching. You were displaced. You were stealthy. You are dead. Vanquished creatures: a mumak a giant spider a vampire bat 3 gnome kings a dwarf lord a gnome mummy a snake a wood nymph 3 yellow lights 6 gnome lords a little dog 8 dwarves 4 hill orcs 3 rabid rats a centipede a giant bat a monkey an orc zombie a dwarf zombie 2 wererats 5 coyotes 3 hobbits an acid blob 2 geckos 3 giant rats a cave spider a brown mold a green mold 25 gnomes 3 garter snakes 2 jackals 4 newts 5 goblins 7 sewer rats 6 grid bugs a lichen a kobold zombie 113 creatures vanquished. Voluntary challenges: You did not adorn yourself with jewelry or accessories. You had been an atheist until turn 3573. You used a wielded weapon 23 times, starting on turn 311. You did not apply a unicorn horn. You read items or engraved 3 times, starting on turn 1606. You never genocided any monsters. You never polymorphed an object. You never changed form. You used no wishes. You never split a pudding. You never wrote Elbereth's name. You violated your moral code, losing 1 point of alignment, starting on turn 1323. Dungeon overview: The Dungeons of Doom: levels 1 to 5 Level 1 some fountains, a sink a long staircase Level 2 an armor shop, a fountain Level 3 a sink Level 4 some fountains stairs to The Gnomish Mines Level 5 many fountains The Gnomish Mines: levels 5 to 9 Level 5 stairs to The Dungeons of Doom Level 6 Level 7 a fountain, a sink Level 8 Level 9 <- You were here History has recorded: On T:1 you entered the Dungeons of Doom to retrieve the Amulet of Yendor! On T:338 you reached level 2 of The Dungeons of Doom. On T:694 you advanced to experience level 2. On T:867 you reached level 3 of The Dungeons of Doom. On T:1020 you advanced to experience level 3. On T:1300 you reached level 5 of The Dungeons of Doom. On T:1411 you advanced to experience level 4. On T:1601 you reached level 4 of The Dungeons of Doom. On T:1695 you reached level 1 of The Gnomish Mines. On T:1713 you advanced to experience level 5. On T:2421 you advanced to experience level 6. On T:2617 you reached level 2 of The Gnomish Mines. On T:3213 you reached level 5 of The Gnomish Mines. On T:3381 you advanced to experience level 7. Score breakdown: Gold: 327 ( 32 points) Experience: 7 levels ( 600 points) Exploration: 9 levels ( 240 points) Discoveries: 6 items ( 300 points) Variety of kills: 37 monsters ( 1850 points) Major goal: (nothing yet) ( 0 points) Survival: died (score multiplied by 3) Total score: 9066 Latest messages: The gargoyle misses. The gargoyle claws you! The gargoyle bites! The crocodile bites! You die... Final status: Goodbye amy the Ranger, killed by a crocodile... You died in The Gnomish Mines on dungeon level 9 with 9066 points, and 327 pieces of gold, after 3577 moves. You were level 7 with a maximum of 48 hit points when you died.